 Dungeon Crawl Stone Soup version 0.31-a0-640-g39d97e502b (webtiles) character file.

Game seed: 3331406475294059739

24539 ryw the Grappler (level 12, -22/122 HPs)
             Began as a Troll Fighter on Aug 28, 2023.
             Was a High Priest of Okawaru.
             Annihilated by a very large slime creature (41 damage)
             ... on level 12 of the Dungeon.
             The game lasted 00:17:10 (9865 turns).

ryw the Grappler (Troll Fighter)                    Turns: 9865, Time: 00:17:10

Health: -22/122    AC: 13    Str: 35    XL:     12   Next: 81%
Magic:  14/14      EV:  9    Int:  4    God:    Okawaru [*****.]
Gold:   672        SH:  9    Dex:  9    Spells: 11/11 levels left

rFire   . .          .
                       - Unarmed
rCold   . . .        b - +0 kite shield
rNeg    . . .        C - +0 steam dragon scales
rPois   .            (helmet restricted)
rElec   .            D - +0 cloak
rCorr   .            (gloves unavailable)
SInv    .            (boots unavailable)
Will    .....        (no amulet)
Stlth   +            A - ring "Budwovos" {AC+4 Str+4}
HPRegen 1.20/turn    r - +4 ring of slaying
MPRegen 0.14/turn

%: no passive effects
@: no status effects
A: large, unfitting armour, claws 3, regeneration 1, shaggy fur 1, tough skin 1
a: Renounce Religion, Heroism, Finesse, Duel


You were on level 12 of the Dungeon.
You worshipped Okawaru.
Okawaru was extremely pleased with you.
You visited 1 branch of the dungeon, and saw 12 of its levels.
You also visited: Bailey.

You collected 672 gold pieces.

Inventory:

Missiles
 z - 4 throwing nets
 J - 6 boomerangs
 L - 2 large rocks (quivered)
 N - 2 javelins
Armour
 a - a scarf of invisibility
 b - a +0 kite shield (worn)
 C - +0 steam dragon scales (worn)
 D - a +0 cloak (worn)
Jewellery
 e - a ring of see invisible
 j - a ring of protection from cold
 o - a ring of protection from cold
 r - a +4 ring of slaying (right claw)
 w - a +6 ring of intelligence
 y - a ring of protection from cold
 A - the ring "Budwovos" (left claw) {AC+4 Str+4}
   (You acquired it on level 10 of the Dungeon)

   [ring of protection]

   AC+4:      It affects your AC (+4).
   Str+4:     It affects your strength (+4).
 B - a ring of protection from fire
Talismans
 x - a blade talisman
 I - a maw talisman
 K - a flux talisman
Wands
 h - a wand of polymorph (12)
 l - a wand of mindburst (7)
 n - a wand of light (10)
 u - a wand of flame (12)
 H - a wand of iceblast (5)
Scrolls
 f - 4 scrolls of teleportation
 i - 3 scrolls of identify
 k - 4 scrolls of silence
 p - 4 scrolls of fog
 E - 2 scrolls of enchant weapon
 G - 2 scrolls of blinking
Potions
 c - 3 potions of might
 d - 2 potions of enlightenment
 g - 5 potions of mutation
 m - a potion of attraction
 q - 2 potions of resistance
 s - a potion of berserk rage
 t - 3 potions of cancellation
 v - 5 potions of heal wounds
 F - a potion of curing {unknown}
 M - a potion of invisibility {unknown}


   Skills:
 + Level 8.9 Fighting
 + Level 6.6 Throwing
 - Level 6.0 Armour
 - Level 3.0 Dodging
 - Level 6.0 Shields
 * Level 13.6 Unarmed Combat
 - Level 5.0 Invocations


You had 11 spell levels left.
You didn't know any spells.
Your spell library contained the following spells:

 Spells                   Type           Power      Damage    Failure   Level
 Shock                    Conj/Air       0%         1d3       67%         1
 Cigotuvi's Dreadful Rot  Necr/Pois/Air  0%         N/A       80%         2
 Ensorcelled Hibernation  Hex/Ice        0%         N/A       80%         2
 Passwall                 Tmut/Erth      0%         N/A       80%         2
 Static Discharge         Conj/Air       0%         2-2/arc   80%         2
 Inner Flame              Hex/Fire       0%         N/A       95%         3
 Swiftness                Air            0%         N/A       95%         3
 Airstrike                Air            0%         2d(0-16)  100%        4
 Anguish                  Hex/Necr       0%         N/A       100%        4
 Dispel Undead            Necr           0%         3d6       100%        4
 Yara's Violent Unravell  Hex/Tmut       0%         3d3       100%        5
 Enfeeble                 Hex            0%         N/A       100%        7
 Summon Lightning Spire   Summ/Air       Unusable   N/A       N/A         4
 Death Channel            Necr           Unusable   N/A       N/A         6

Dungeon Overview and Level Annotations

Branches:
Dungeon (12/15)            Temple (0/1) D:6            Lair (0/5) D:11
    Orc (0/2) D:10         Bailey (visited)

Altars:
Ashenzari
Fedhas
Gozag
Kikubaaqudgha
Makhleb
Nemelex Xobeh
Okawaru
Qazlal
Sif Muna
Vehumet
Xom
Yredelemnul
Zin
The Shining One

Shops:
D:7 :   D:8 (


Innate Abilities, Weirdness & Mutations

You are too large for most types of armour.
You have claws for hands.
Your natural rate of healing is unusually fast.
You are covered in fur. (AC +1)
You have tough skin. (AC +1)


Message History

HP restored.
You see here a manticore corpse.
Found an escape hatch in the ceiling.
N - 2 javelins
Found a stone staircase leading down. 2 slime creatures come into view.
The slime creature quivers.
Two slime creatures merge to form a large slime creature.
A slime creature comes into view.
The slime creature quivers.
A red ugly thing comes into view.
The red ugly thing gurgles horribly!
The large slime creature hits you but does no damage.
You scratch the large slime creature.
The large slime creature is lightly wounded.
Two slime creatures merge to form a very large slime creature.
You barely miss the very large slime creature.
The very large slime creature is lightly wounded.
You claw the very large slime creature!
The very large slime creature is lightly wounded.
You block the very large slime creature's attack.
You barely miss the very large slime creature.
The very large slime creature is lightly wounded.
The very large slime creature hits you!!
You barely miss the very large slime creature.
The very large slime creature is lightly wounded.
The very large slime creature hits you!!
You claw the very large slime creature!
The very large slime creature is lightly wounded.
You claw the very large slime creature!
The very large slime creature is moderately wounded.
The very large slime creature hits you!!
You eviscerate the very large slime creature!!!
The very large slime creature is heavily wounded.
The very large slime creature hits you!!
* * * LOW HITPOINT WARNING * * *
You claw the very large slime creature!
The very large slime creature is heavily wounded.
The very large slime creature hits you!!!
You die...

.##..........###########.
................. ##
#######.##.#####.. #..#.#
..## ##.#.# ..... #.#..
##.## #.### # #.# # #@# #
#J# # .u. ..... #......
#.....#. ##...##.# #####
.


You could see a red ugly thing and a very large slime creature.

Vanquished Creatures
  3 two-headed ogres
  A death yak (D:12)
  A manticore (D:12)
  3 kobold demonologists (D:10)
  A troll (D:9)
  2 polar bears (D:12)
  A centaur simulacrum (D:12)
  2 shadows
  3 wyverns
  6 spriggans (Bailey)
  3 steam dragons
  28 yaks
  An acid dragon (Bailey)
  2 water moccasins
  2 ice beasts
  12 orc warriors
  5 black bears
  2 sky beasts
  6 ogres
  A phantom (D:5)
  2 centaurs
  6 kobold brigands
  Blork the orc (D:6)
  2 gnoll sergeants
  7 bullfrogs
  6 scorpions
  4 killer bees (D:9)
  2 howler monkeys
  7 hounds
  5 jellies
  6 orc priests
  3 iguanas
  2 gnoll boudas (D:5)
  Crazy Yiuf (D:7)
  Ijyb (D:2)
  2 sleepcaps (D:5)
  19 orc wizards
  10 adders
  16 gnolls
  4 white imps
  2 ufetubi
  3 worms
  3 dart slugs
  39 orcs
  9 bats
  15 endoplasms
  5 giant cockroaches
  19 goblins
  11 hobgoblins
  8 jackals
  28 kobolds
  4 quokkas
  4 ball pythons
  5 frilled lizards
  9 rats
355 creatures vanquished.

Vanquished Creatures (others)
  A black bear (D:5)
1 creature vanquished.

Grand Total: 356 creatures vanquished

Notes
Turn   | Place    | Note
-------+----------+-------------------------------------------
     0 | D:1      | ryw the Troll Fighter began the quest for the Orb.
     0 | D:1      | Reached XP level 1. HP: 22/22 MP: 0/0
    52 | D:1      | Reached XP level 2. HP: 29/29 MP: 1/1
   200 | D:1      | You fall into a shaft and drop 1 floor!
   237 | D:2      | Reached XP level 3. HP: 32/36 MP: 2/2
   344 | D:2      | Reached XP level 4. HP: 44/44 MP: 3/3
   696 | D:2      | Found a faded altar of an unknown god.
   738 | D:2      | Noticed Ijyb
   758 | D:2      | Killed Ijyb
   759 | D:2      | Reached skill level 3 in Unarmed Combat
  1068 | D:1      | Reached XP level 5. HP: 53/53 MP: 4/4
  1896 | D:3      | Found a shimmering blue altar of Sif Muna.
  1897 | D:3      | Found a basalt altar of Yredelemnul.
  1897 | D:3      | Found a radiant altar of Vehumet.
  1897 | D:3      | Found a glowing golden altar of the Shining One.
  1901 | D:3      | Found an iron altar of Okawaru.
  1902 | D:3      | Found a blossoming altar of Fedhas.
  1912 | D:3      | Became a worshipper of Warmaster Okawaru
  2066 | D:3      | Found a burning altar of Makhleb.
  2111 | D:3      | Found a glowing silver altar of Zin.
  2111 | D:3      | Found a broken altar of Ashenzari.
  2143 | D:3      | Found an opulent altar of Gozag.
  2267 | D:3      | Reached XP level 6. HP: 61/61 MP: 5/5
  2370 | D:3      | Reached skill level 4 in Unarmed Combat
  2895 | D:4      | Reached * piety under Okawaru
  2913 | D:4      | Reached skill level 1 in Invocations
  3000 | D:4      | Reached XP level 7. HP: 62/68 MP: 5/7
  3368 | D:5      | Entered Level 5 of the Dungeon
  3433 | D:4      | Reached skill level 5 in Unarmed Combat
  3624 | D:5      | Reached ** piety under Okawaru
  3682 | D:5      | Reached XP level 8. HP: 54/79 MP: 8/8
  3688 | D:5      | Reached skill level 5 in Shields
  3698 | D:5      | Reached skill level 6 in Unarmed Combat
  3762 | D:5      | Found a stormy altar of Qazlal.
  3926 | D:5      | Reached skill level 5 in Fighting
  3926 | D:5      | Reached skill level 7 in Unarmed Combat
  4022 | D:5      | Reached *** piety under Okawaru
  4161 | D:5      | Found a shimmering altar of Xom.
  4350 | D:6      | Reached XP level 9. HP: 88/88 MP: 10/10
  4369 | D:6      | Found a staircase to the Ecumenical Temple.
  4408 | D:6      | Noticed Blork the orc
  4417 | D:6      | Killed Blork the orc
  4977 | D:7      | Noticed a two-headed ogre
  4985 | D:7      | Killed a two-headed ogre
  4985 | D:7      | Reached **** piety under Okawaru
  4986 | D:7      | Reached skill level 8 in Unarmed Combat
  5191 | D:7      | Reached skill level 9 in Unarmed Combat
  5191 | D:7      | Reached skill level 5 in Invocations
  5315 | D:7      | Found Tas Nenk's Book Emporium.
  5517 | D:7      | Found a runed translucent door.
  5518 | D:7      | Noticed Crazy Yiuf
  5668 | D:7      | Killed Crazy Yiuf
  5764 | D:8      | Found a flagged portal.
  5775 | Bailey   | Entered a bailey
  5919 | Bailey   | Reached skill level 1 in Throwing
  5920 | Bailey   | Reached ***** piety under Okawaru
  5921 | Bailey   | Reached skill level 1 in Armour
  5921 | Bailey   | Reached XP level 10. HP: 63/100 MP: 12/12
  6067 | Bailey   | Identified the +0 broad axe of Adverse Possession {flame,
                  | rElec}
  6131 | Bailey   | Noticed a two-headed ogre
  6138 | Bailey   | Killed a two-headed ogre
  6139 | Bailey   | Reached skill level 10 in Unarmed Combat
  6321 | D:8      | Found Seuri's Weapon Emporium.
  6705 | D:8      | Found a sparkling altar of Nemelex Xobeh.
  6975 | D:8      | Noticed a two-headed ogre
  6980 | D:8      | Killed a two-headed ogre
  7034 | D:8      | Found an ancient bone altar of Kikubaaqudgha.
  7747 | D:9      | Reached XP level 11. HP: 78/109 MP: 13/13
  7753 | D:9      | Reached skill level 11 in Unarmed Combat
  7937 | D:9      | Received a gift from Okawaru
  8295 | D:9      | Reached skill level 5 in Throwing
  8295 | D:9      | Reached skill level 12 in Unarmed Combat
  8295 | D:9      | Reached XP level 12. HP: 119/119 MP: 14/14
  8340 | D:10     | Entered Level 10 of the Dungeon
  8417 | D:10     | Identified a scroll of acquirement
  8417 | D:10     | Acquired the ring "Budwovos" {AC+4 Str+4}
  8464 | D:10     | Reached skill level 5 in Armour
  8470 | D:10     | Received a gift from Okawaru
  8656 | D:10     | Found a staircase to the Orcish Mines.
  9071 | D:11     | Reached skill level 13 in Unarmed Combat
  9432 | D:11     | Found a staircase to the Lair.
  9630 | D:12     | Noticed a death yak
  9634 | D:12     | Killed a death yak
  9826 | D:12     | Received a gift from Okawaru
  9865 | D:12     | Annihilated by a very large slime creature

Illustrated notes

Levels and vault maps discovered:
D:1:      dpeg_arrival_court, layout_loops_ring, serial_forest,
          infiniplex_forest_zigzag_2, infiniplex_forest_clump_curved,
          infiniplex_forest_lined_2, infiniplex_forest_lined_4_way,
          infiniplex_forest_pool, infiniplex_forest_end_2,
          infiniplex_forest_clump_diagonal, chequers_jeans, st_stairs_1,
          minmay_split_cup_large
D:2:      kennysheep_the_goblin_king, layout_loops_cross,
          shapermc_ecumenical_altar_mp_vishouse
D:3:      layout_rooms, nicolae_overflow_hidden_temple, lightli_temple_of_fire,
          grunt_temple_overflow_open, nicolae_overflow_two_pavilions,
          serial_forest, infiniplex_forest_clump_double,
          infiniplex_forest_straight_2, infiniplex_forest_lined_corner,
          infiniplex_forest_clump_tiny, infiniplex_forest_lined_2,
          infiniplex_forest_clump_tiny, infiniplex_forest_end_1,
          infiniplex_forest_side_room, infiniplex_forest_straight_2,
          minmay_misc_feat_chi, chequers_serial_rivers_micro_d, minmay_pentangle
D:4:      layout_cave_pools
D:5:      layout_rooms, xom_confusion_cloud,
          mainiacjoe_overflow_six_doors_small, chequers_arboretum
D:6:      layout_basic, minmay_temple_entry_grid, interstate_on_off,
          uniq_blork_the_orc
D:7:      layout_loops_ring, serial_shops, shop, uniq_crazy_yiuf_cottage
D:8:      layout_basic, lemuel_coloured_pillars_altar, kennysheep_mini_moat,
          serial_shops, nicolae_stop_n_shop_2, enter_bailey_3
D:9:      layout_gridville, minivault_23
D:10:     nicolae_cairo_tiling_large, layout_rooms, david_orc_4
D:11:     kb_forest_paths, layout_basic, due_lair_maze_entry_diamond,
          roderic_lattice_a, uniq_erolcha
D:12:     layout_loops_ring, serial_ice, serial_ice_h, serial_ice_m,
          serial_ice_e, serial_ice_o

Skill      XL: |  1  2  3  4  5  6  7  8  9 10 11 12 |
---------------+-------------------------------------+-----
Shields        | 3 4 5 6 |  6.0
Fighting       | 3 4 5 6 7 8 |  8.9
Dodging        | 3 |  3.0
Unarmed Combat | 3 4 5 7 9 10 12 13 | 13.6
Invocations    | 1 2 3 5 |  5.0
Throwing       | 1 3 5 6 |  6.6
Armour         | 1 3 4 6 |  6.0

Action                     |  1- 3 |  4- 6 |  7- 9 | 10-12 || total
---------------------------+-------+-------+-------+-------++-------
  Melee: Unarmed           |    76 |   214 |   237 |   390 ||   917
  Throw: Javelin           |       |       |       |     2 ||     2
 Invoke: Heroism           |       |       |       |     3 ||     3
         Finesse           |       |       |       |     1 ||     1
  Evoke: Wand              |       |       |     5 |       ||     5
    Use: Scroll            |       |    13 |     2 |     7 ||    22
         Potion            |       |     2 |     1 |     1 ||     4
   Stab: Distracted        |     1 |       |       |       ||     1
 Armour: Robe              |    36 |    40 |    38 |       ||   114
         Steam dragon scal |       |       |     3 |   106 ||   109
  Dodge: Dodged            |    30 |    74 |    76 |   129 ||   309
  Block: Kite shield       |    35 |    74 |   106 |   126 ||   341

Table legend: (Time is in decaauts)
 A = Elapsed time spent in this place.
 B = Non-inter-level travel time spent in this place.
 C = Inter-level travel time spent in this place.
 D = Time resting spent in this place.
 E = Time spent auto-exploring this place.
 F = Levels seen in this place.
 G = Mean time per level.
                   A        B        C        D        E       F      G
               +--------+--------+--------+--------+--------+-----+--------+
         Total |   9807 |   9379 |    428 |    703 |   6625 |  13 |  754.4 |
       Dungeon |   9365 |   8937 |    428 |    511 |   6544 |  12 |  780.4 |
        Bailey |    441 |    441 |      0 |    192 |     81 |   1 |  441.0 |
               +--------+--------+--------+--------+--------+-----+--------+

Top non-repeatable levels by time:
     D:8: 1167 daAuts
     D:1: 1042 daAuts
     D:9: 1014 daAuts
     D:3: 991 daAuts
     D:2: 793 daAuts
     D:7: 772 daAuts
     D:5: 766 daAuts
     D:4: 709 daAuts
     D:6: 656 daAuts
    D:11: 587 daAuts
    D:10: 571 daAuts
  Bailey: 441 daAuts
    D:12: 292 daAuts
